 Dungeon Crawl Stone Soup version 0.21.1-1-g345015fe64 (webtiles) character file.

277 Lavandula the Chopper (level 6, -7/76 HPs)
             Began as a Centaur Berserker on June 8, 2018.
             Was a Priest of Trog.
             Mangled by ImError's ghost (15 damage)
             ... on level 4 of the Dungeon.
             The game lasted 00:08:42 (1586 turns).

Lavandula the Chopper (Centaur Berserker)           Turns: 1586, Time: 00:08:42

Health: -7/76      AC:  4    Str: 27    XL:     6   Next: 4%
Magic:  6/6        EV:  9    Int:  6    God:    Trog [***...]
Gold:   17         SH:  0    Dex:  8    Spells: 5/5 levels left

rFire    . . .     SeeInvis .   a - +0 hand axe
rCold    . . .     Gourm    .   (no shield)
rNeg     . . .     Faith    .   b - +0 animal skin
rPois    .         Spirit   .   (no helmet)
rElec    .         Reflect  .   (no cloak)
rCorr    .         Harm     .   (no gloves)
MR       .....                  (no barding)
Stlth    ..........             (no amulet)
HPRegen  0.22/turn              (no ring)
MPRegen  0.10/turn              (no ring)

@: berserking, starving, very quick
A: large, hooves 3, deformed body, speed 2, tough skin 3
a: Berserk, Trog's Hand, Burn Spellbooks, Renounce Religion


You were on level 4 of the Dungeon.
You worshipped Trog.
Trog was most pleased with you.
You were starving.

You visited 1 branch of the dungeon, and saw 5 of its levels.

You collected 63 gold pieces.
You spent 46 gold pieces at shops.

Inventory:

Hand Weapons
 a - a +0 hand axe (weapon)
 p - a +0 blowgun
Missiles
 n - 7 tomahawks (quivered)
Armour
 b - a +0 animal skin (worn)
Scrolls
 d - 3 scrolls of teleportation
 f - a scroll of magic mapping {unknown}
 h - a scroll of fog {unknown}
 k - 5 scrolls of identify {unknown}
 m - 3 scrolls of remove curse
 q - a scroll of enchant weapon {unknown}
Potions
 e - a potion of invisibility {unknown}
 g - a potion of ambrosia {unknown}
 i - 2 potions of brilliance {unknown}
 j - a potion of resistance {unknown}
 l - a potion of degeneration {unknown}
 o - a potion of mutation {unknown}
 r - a potion of heal wounds {unknown}
Comestibles
 c - 6 rations


   Skills:
 - Level 3.0 Fighting
 + Level 6.2 Axes
 - Level 1.3 Armour
 - Level 1.3 Dodging


You had 5 spell levels left.
You didn't know any spells.

Dungeon Overview and Level Annotations

Branches:
Dungeon (5/15)
 Temple: D:4-7

Altars:
Qazlal
Vehumet

Shops:
D:4 *

Annotations:
D:4 ImError's ghost, amateur FoFi


Innate Abilities, Weirdness & Mutations

You have hooves in place of feet.
Armour fits poorly on your strangely shaped body.
You cover ground very quickly.
You have extremely tough skin. (AC +3)


Message History

ImError's ghost hits you!
* * * LOW HITPOINT WARNING * * *
You hit ImError's ghost.
ImError's ghost is moderately damaged.
ImError's ghost completely misses you.
You hit ImError's ghost. You kick ImError's ghost.
ImError's ghost is moderately damaged.
You hit ImError's ghost. You kick ImError's ghost.
ImError's ghost is severely damaged.
ImError's ghost hits you but does no damage.
You completely miss ImError's ghost. Your kick misses ImError's ghost.
ImError's ghost is severely damaged.
ImError's ghost hits you!
* * * LOW HITPOINT WARNING * * *
You barely miss ImError's ghost. You kick ImError's ghost.
ImError's ghost is severely damaged.
You barely miss ImError's ghost.
ImError's ghost is severely damaged.
ImError's ghost hits you!
You die...

#.......##.## #..#
#.......##..# #..###
#.......##..######.....
####....<#.........####
##########.........#
##..... #.........#
....... #.........#
#..?.W####.........#
#@............#
#.######..###[# #..
......... ####
###..##.### ##.# .# ..
#.# .#


You could see ImError's ghost.

Vanquished Creatures
  A scorpion (D:3)
  3 orc wizards (D:3)
  6 adders
  A dart slug (D:1)
  20 orcs
  4 giant cockroaches
  4 goblins
  6 hobgoblins
  A quokka (D:4)
  9 bats
  4 frilled lizards
  6 kobolds
  A leopard gecko skeleton (D:4)
  4 rats
70 creatures vanquished.

Notes
Turn   | Place    | Note
-------+----------+-------------------------------------------
     0 | D:1      | Lavandula the Centaur Berserker began the quest for the Orb.
     0 | D:1      | Reached XP level 1. HP: 19/19 MP: 1/1
    63 | D:1      | Reached skill level 3 in Axes
   133 | D:2      | Reached XP level 2. HP: 20/26 MP: 2/2
   394 | D:2      | Reached skill level 4 in Axes
   394 | D:2      | Reached XP level 3. HP: 5/31 MP: 3/3
   395 | D:2      | HP: 2/46 [poisoned by an adder]
   618 | D:2      | Reached ** piety under Trog
   637 | D:2      | Found a radiant altar of Vehumet.
   689 | D:3      | Reached XP level 4. HP: 35/38 MP: 4/4
   837 | D:3      | Reached skill level 5 in Axes
   870 | D:3      | Found a stormy altar of Qazlal.
   900 | D:3      | Reached XP level 5. HP: 33/45 MP: 5/5
  1073 | D:3      | Reached *** piety under Trog
  1073 | D:3      | Reached skill level 6 in Axes
  1395 | D:4      | Found Gout's Assorted Antiques.
  1416 | D:4      | Bought a scroll labeled LEEMUWNEHEI for 23 gold pieces
  1416 | D:4      | Bought a scroll labeled LEEMUWNEHEI for 23 gold pieces
  1463 | D:5      | Entered Level 5 of the Dungeon
  1463 | D:5      | Noticed a black bear
  1497 | D:4      | Reached XP level 6. HP: 28/51 MP: 6/6
  1573 | D:4      | Noticed ImError's ghost (amateur FoFi)
  1586 | D:4      | Mangled by ImError's ghost

Skill      XL: |  1  2  3  4  5 |
---------------+----------------+-----
Axes           | 3 4 5 6 |  6.2
Fighting       | |  3.0
Armour         | |  1.3
Dodging        | |  1.3

Action                   |  1- 3 |  4- 6 || total
-------------------------+-------+-------++-------
Melee: Hand axe          |    68 |    99 ||   167
       Kick              |     8 |    22 ||    30
Invok: Berserk           |     3 |     7 ||    10
  Use: Potion            |     1 |       ||     1
       Scroll            |       |     3 ||     3
  Eat: Ration            |       |     1 ||     1
       Chunk             |       |     5 ||     5
Armor: Animal skin       |    21 |    38 ||    59
Dodge: Dodged            |    28 |    30 ||    58
